 Dungeon Crawl Stone Soup version 0.20.1-1-g8b1a95d66d (webtiles) character file.

64 LarsimusPrime the Shield-Bearer (level 3, -1/33 HPs)
             Began as a Minotaur Fighter on Oct 24, 2017.
             Slain by an orc
             ... wielding a +0 trident of flaming
              (6 damage)
             ... on level 3 of the Dungeon on Nov 17, 2017.
             The game lasted 00:05:16 (912 turns).

LarsimusPrime the Shield-Bearer (Minotaur Fighter)   Turns: 912, Time: 00:05:17

Health: -1/33      AC:  0    Str: 20    XL:     3   Next: 91%
Magic:  2/2        EV: 11    Int:  5    God:
Gold:   72         SH:  0    Dex: 10    Spells: 2/2 levels left

rFire    . . .     SeeInvis .   a - +0 flail
rCold    . . .     Gourm    .   (no shield)
rNeg     . . .     Faith    .   (no armour)
rPois    .         Spirit   .   (helmet restricted)
rElec    .         Reflect  .   (no cloak)
rCorr    .         Harm     .   (no gloves)
MR       .....     Rnd*Tele +   (no boots)
Stlth    +.........             (no amulet)
Regen    0.2/turn               e - ring of teleportation (curse)
MPRegen  0.1/turn               (no ring)

@: no status effects
A: retaliatory headbutt, horns 2
a: no special abilities


You were on level 3 of the Dungeon.
You were not hungry.

You visited 1 branch of the dungeon, and saw 3 of its levels.

You collected 72 gold pieces.

Inventory:

Hand Weapons
 a - a +0 flail (weapon)
Armour
 b - a +0 scale mail
 c - a +0 shield
Jewellery
 e - a cursed ring of teleportation (left hand)
Scrolls
 g - a scroll of immolation {unknown}
 h - a scroll of amnesia
 k - a scroll of magic mapping {unknown}
Potions
 d - 2 potions of might
 i - a potion of curing {unknown}
 j - 2 potions of degeneration {unknown}
Comestibles
 f - a bread ration


   Skills:
 + Level 4.2 Fighting
 + Level 3.2 Maces & Flails
 + Level 4.1 Armour
 + Level 0.4 Dodging
 + Level 4.4 Shields


You had 2 spell levels left.
You didn't know any spells.

Dungeon Overview and Level Annotations

Branches:
Dungeon (3/15)

Altars:
Xom


Innate Abilities, Weirdness & Mutations

You reflexively headbutt those who attack you in melee.
You have a pair of horns on your head.


Message History

2 orcs come into view.
An orc is wielding a trident of flaming.
The orc shouts! x2
You thump the orc!
You kill the orc!
The orc closely misses you. You furiously retaliate!
You headbutt the orc!
You kill the orc!
You barely miss the leopard gecko. The leopard gecko bites you. x2
You barely miss the leopard gecko. Your headbutt misses the leopard gecko.
The leopard gecko closely misses you. The orc hits you with a dagger.
You barely miss the leopard gecko. The leopard gecko bites you.
The orc hits you with a dagger!
* * * LOW HITPOINT WARNING * * *
The leopard gecko bites you.
* * * LOW HITPOINT WARNING * * *
The orc closely misses you.
You barely miss the leopard gecko. You headbutt the leopard gecko.
You kill the leopard gecko!
The orc hits you from afar with a trident of flaming.
You die...

....... ###########
....... #.........#
....... #.......).#
....... #.........#
....... #.........#
.o.....
#)........#####o......
#..........=.†@o......
#.........##..##......
#.........##...#......
##########.............
#............#........#
#.......<.....?........
#........#######..##. #
#........# ...
##########


You could see 3 orcs.

Vanquished Creatures
  An adder (D:2)
  A worm (D:2)
  2 dart slugs
  4 leopard geckos
  2 orcs (D:3)
  2 giant cockroaches (D:2)
  5 goblins
  2 hobgoblins (D:2)
  A quokka (D:2)
  2 ball pythons
  9 bats
  5 frilled lizards
  A kobold (D:2)
  6 rats
43 creatures vanquished.

Notes
Turn   | Place    | Note
-------+----------+-------------------------------------------
     0 | D:1      | LarsimusPrime the Minotaur Fighter began the quest for the Orb.
     0 | D:1      | Reached XP level 1. HP: 19/19 MP: 0/0
   200 | D:1      | Reached XP level 2. HP: 26/27 MP: 1/1
   416 | D:2      | Found a shimmering altar of Xom.
   426 | D:2      | Found a shimmering altar of Xom.
   426 | D:2      | Found a shimmering altar of Xom.
   485 | D:2      | Found a shimmering altar of Xom.
   493 | D:2      | Upgraded the game from 0.20.1-1-g8b1a95d to 0.20.1-1-g8b1a95d66d
   493 | D:2      | Reached XP level 3. HP: 32/33 MP: 2/2
   912 | D:3      | Slain by an orc

Skill      XL: |  1  2  3 |
---------------+----------+-----
Fighting       | 4 |  4.2
Shields        | 4 |  4.4
Armour         | 4 |  4.1
Maces & Flails | 3 |  3.2
Dodging        | |  0.4

Action                   || total
-------------------------++-------
Melee: Flail             ||   108
       Headbutt          ||    12
  Use: Scroll            ||     2
Armor: Scale mail        ||    70
Dodge: Dodged            ||    54
Block: Shield            ||    87
